Map: Blackburn LE

Players

Pumba - Winner!

  • Race: Protoss Protoss
  • League: Diamond
  • Spawn Location: 7:00

Melfuerte

  • Race: Zerg Zerg
  • Spawn Location: 5:00

VOD

Have the link to the VOD?

Description

Time

  • Played on: Feb. 15, 2022, 5:36 p.m.
  • Length: 13:34
Show
View Real Time Build Order
Export as new Build Order

Pumba Protoss - Winner!

Build Orders: 1 Gate Expand, Archon Immortal, Dark Templar Rush 

Get SALT Encoding   

  12  0:00  Probe  
  13  0:13  Probe  
  14  0:20  Pylon  
  14  0:25  Probe  
  15  0:39  Probe (Chrono Boost)  
  16  0:43  Gateway  
  16  0:47  Probe (Chrono Boost)  
  16  0:48  Assimilator  
  17  0:53  Probe  
  18  1:05  Probe  
  19  1:17  Probe  
  20  1:25  Nexus  
  20  1:34  Cybernetics Core  
  20  1:38  Probe  
  21  1:46  Assimilator  
  21  1:51  Probe  
  22  1:54  Pylon  
  22  2:03  Probe  
  23  2:10  Adept (Chrono Boost)  
  23  2:11  Warp Gate  
  23  2:15  Probe  
  26  2:25  Twilight Council  
  26  2:27  Probe  
  27  2:35  Stalker (Chrono Boost)  
  27  2:38  Probe (Chrono Boost)  
  27  2:43  Probe (Chrono Boost)  
  31  2:50  Probe (Chrono Boost)  
  32  2:55  Probe x2 (Chrono Boost)  
  34  3:00  Robotics Facility  
  34  3:03  Probe  
  34  3:05  Probe  
  36  3:15  Probe  
  36  3:18  Probe  
  38  3:26  Dark Shrine  
  38  3:27  Probe  
  38  3:30  Probe  
  38  3:32  Gateway  
  40  3:34  Gateway  
  40  3:35  Gateway  
  40  3:41  Probe  
  41  3:43  Probe  
  41  3:45  Warp Prism (Chrono Boost)  
  42  3:53  Pylon  
  44  3:57  Probe x2  
  44  4:01  Assimilator  
  46  4:06  Assimilator  
  46  4:11  Probe  
  46  4:13  Probe  
  48  4:17  Adept  
  48  4:20  Shield Battery  
  48  4:26  Pylon  
  48  4:29  Gateway, Pylon  
  48  4:31  Pylon  
  48  4:35  Zealot  
  48  4:38  Dark Templar  
  48  4:39  Dark Templar  
  48  4:43  Probe  
  51  4:50  Probe  
  51  5:13  Probe x2  
  53  5:23  Dark Templar  
  55  5:28  Dark Templar  
  55  5:29  Dark Templar x2  
  60  5:59  Probe  
  60  6:03  Probe  
  62  6:07  Pylon x2  
  62  6:10  Nexus  
  62  6:18  Pylon  
  63  6:25  Probe x2  
  63  6:28  Adept  
  66  6:37  Probe  
  66  6:38  Probe  
  68  6:43  Archon  
  68  6:48  Observer (Chrono Boost)  
  68  6:49  Probe  
  68  6:50  Probe  
  68  6:53  Sentry x2  
  68  6:54  Sentry x2  
  77  6:57  Archon  
  79  7:01  Charge (Chrono Boost)  
  79  7:02  Probe x2  
  79  7:07  Robotics Facility, Archon, Forge  
  81  7:14  Probe x2  
  83  7:25  Probe  
  84  7:31  Gateway  
  84  7:34  Gateway  
  84  7:35  Gateway  
  84  7:37  Gateway  
  84  7:40  Protoss Ground Weapons Level 1 (Chrono Boost), Gateway  
  84  7:43  Pylon  
  84  7:45  Pylon  
  84  7:47  Probe x3  
  87  7:51  Pylon  
  87  7:52  Immortal x2 (Chrono Boost)  
  87  7:54  Pylon  
  95  7:59  Probe  
  96  8:06  Probe x2  
  96  8:07  Templar Archives  
  96  8:08  Assimilator x2  
  96  8:12  Probe  
  99  8:18  Probe x2  
  101  8:24  Immortal x2, Probe  
  110  8:35  Nexus  
  110  8:37  Pylon  
  108  9:08  Photon Cannon  
  108  9:10  Stalker x6  
  108  9:11  Photon Cannon, Stalker x3  
  108  9:14  Shield Battery  
  126  9:17  Photon Cannon  
  126  9:19  Photon Cannon  
  126  9:21  Photon Cannon  
  126  9:23  Shield Battery, Photon Cannon  
  126  9:26  Shield Battery  
  126  9:28  Photon Cannon, Psionic Storm  
  126  9:29  Photon Cannon  
  126  9:33  Pylon  
  126  9:37  Shield Battery  
  126  9:50  High Templar x9  
  143  9:56  Immortal  
  147  10:04  Immortal  
  151  10:10  Protoss Ground Weapons Level 2  
  151  10:18  Pylon  
  151  10:20  Pylon  
  151  10:21  Pylon  
  151  10:23  Pylon  
  151  10:26  Forge  
  151  10:32  Observer  
  151  10:41  Zealot x9  
  151  10:42  Forge  
  169  10:48  Assimilator  
  169  10:52  Assimilator  
  169  11:14  High Templar x4  
  169  11:15  Zealot, High Templar x2  
  169  11:16  Zealot x2  
  169  11:18  Archon x2  
  187  11:19  Archon  
  187  11:52  Zealot x2  
  187  11:53  Zealot x4  
Show
View Real Time Build Order
Export as new Build Order

Melfuerte Zerg 

Build Orders: 3 Hatch before Pool 

Get SALT Encoding   

  12  0:00  Drone  
  13  0:08  Drone  
  14  0:16  Overlord  
  14  0:35  Drone x3  
  17  0:49  Drone  
  18  0:58  Hatchery  
  17  1:04  Drone  
  18  1:14  Drone  
  19  1:28  Drone  
  20  1:36  Hatchery  
  19  1:41  Drone  
  19  1:42  Drone  
  21  1:56  Spawning Pool, Drone, Extractor  
  20  2:06  Drone  
  21  2:12  Drone  
  22  2:24  Drone  
  23  2:43  Queen x2  
  27  2:44  Zergling x2  
  27  2:46  Spine Crawler, Overlord x2  
  27  2:51  Queen  
  29  2:59  Metabolic Boost  
  28  3:11  Zergling x6  
  28  3:12  Zergling x2  
  31  3:17  Zergling x2  
  31  3:18  Zergling x2  
  33  3:27  Zergling x4  
  33  3:29  Drone  
  33  3:30  Drone  
  37  3:35  Drone  
  37  3:36  Drone  
  39  3:54  Drone  
  39  3:55  Drone x5  
  45  4:01  Overlord  
  45  4:03  Drone  
  45  4:06  Drone  
  45  4:09  Drone  
  46  4:25  Drone  
  46  4:26  Drone x8  
  54  4:32  Drone  
  54  4:33  Drone x3  
  58  4:43  Overlord x2  
  58  4:45  Lair  
  57  4:53  Spore Crawler  
  57  4:54  Spore Crawler  
  57  4:59  Drone  
  56  5:00  Drone  
  56  5:02  Spore Crawler  
  56  5:03  Spore Crawler  
  56  5:04  Drone x2, Extractor  
  56  5:06  Zergling x4  
  57  5:09  Extractor x2  
  53  5:21  Zergling x4  
  53  5:22  Drone  
  53  5:23  Drone x2  
  53  5:27  Spine Crawler  
  57  5:29  Spine Crawler  
  57  5:35  Drone x3  
  57  5:36  Drone x4  
  60  5:51  Spore Crawler  
  60  5:54  Overseer  
  56  6:08  Drone x3  
  59  6:14  Zergling x2  
  59  6:15  Zergling x8  
  63  6:29  Hatchery  
  62  6:33  Spire  
  62  6:35  Hydralisk Den  
  62  6:37  Roach Warren, Evolution Chamber  
  62  6:38  Hatchery, Evolution Chamber  
  54  7:14  Spore Crawler, Spine Crawler  
  52  7:15  Spine Crawler  
  52  7:20  Spine Crawler  
  52  7:21  Overlord x4, Spine Crawler  
  52  7:22  Glial Reconstitution, Overlord  
  49  7:23  Grooved Spines  
  49  7:42  Queen  
  51  7:46  Mutalisk  
  51  7:47  Mutalisk x3  
  51  7:49  Drone x3, Overlord  
  51  7:50  Overlord x2  
  62  7:57  Queen  
  64  8:01  Zerg Missile Weapons Level 1  
  64  8:17  Mutalisk x2  
  64  8:19  Drone x2  
  70  8:20  Spore Crawler, Drone  
  70  8:21  Drone x6  
  70  8:24  Spine Crawler  
  75  8:29  Mutalisk  
  75  8:34  Muscular Augments, Drone, Extractor  
  76  8:35  Drone x3  
  76  8:36  Extractor  
  79  8:42  Mutalisk  
  77  9:07  Mutalisk  
  77  9:08  Mutalisk  
  77  9:09  Drone  
  85  9:10  Drone x14  
  96  9:22  Infestation Pit  
  95  9:26  Extractor  
  95  9:27  Extractor  
  93  9:34  Hydralisk x2, Roach  
  93  9:35  Roach  
  93  9:38  Roach  
  103  9:49  Drone x2  
  105  10:12  Zerg Missile Weapons Level 2  
  105  10:13  Zerg Ground Armor Level 1  
  105  10:14  Hatchery  
  104  10:30  Drone x3  
  104  10:32  Hydralisk x3  
  104  10:33  Hydralisk x2, Roach x5  
  127  10:42  Overseer  
  127  10:43  Overseer x2  
  127  10:47  Overlord x5  
  127  10:48  Overlord x5  
  127  11:10  Hydralisk x4  
  127  11:11  Hydralisk x2, Roach x6  
  143  11:13  Hydralisk  
  153  11:32  Hydralisk x3, Roach x2  
  161  11:33  Roach  
  165  11:54  Hydralisk x4  
  165  11:55  Hydralisk x2, Roach x5  
  165  11:56  Roach  
  188  12:10  Hydralisk x2  
  188  12:11  Hydralisk, Roach x3  
  196  12:27  Hydralisk  
  196  12:28  Hydralisk, Roach x2  
  199  12:40  Lurker Den  
  172  12:52  Hydralisk x2, Roach  
  172  12:53  Roach  
  164  13:12  Roach x4  
  169  13:13  Roach  
Tags
 
Add a new tag
Caveats
  • Supply blocks, unpowered buildings, or Contaminate may cause inaccurate times.
  • Supply counts are checked every 10 seconds.